 Dungeon Crawl Stone Soup version 0.24-a0-230-g536ed4e33c (webtiles) character file.

Game seed: 1596234554782386636

892 M4edhros the Covert (level 8, -2/48 HPs)
             Began as an Octopode Artificer on Apr 2, 2019.
             Was a Plaything of Xom.
             Slain by a water moccasin (10 damage)
             ... on level 6 of the Dungeon.
             The game lasted 00:09:28 (3352 turns).

M4edhros the Covert (Octopode Artificer)            Turns: 3352, Time: 00:09:30

Health: -2/48      AC:  1    Str: 12    XL:     8   Next: 6%
Magic:  13/13      EV: 13    Int: 18    God:    Xom [..*...]
Gold:   77         SH:  0    Dex: 14    Spells: 7/7 levels left

rFire    . . .     SeeInvis .   D - +1 dagger (freeze)
rCold    . . .     Gourm    .   (no shield)
rNeg     . . .     Faith    .   (helmet restricted)
rPois    .         Spirit   .   (no amulet)
rElec    .         Reflect  .   A - ring of wizardry
rCorr    .         Harm     .   (no ring)
MR       .....                  (no ring)
Stlth    +++++.....             (no ring)
HPRegen  0.16/turn              (no ring)
MPRegen  0.13/turn              (no ring)
                                (no ring)
                                (no ring)

@: brilliant, lethally poisoned (-2 -> -38)
A: almost no armour, stealthy swim, amphibious, 8 rings, constrict 8, camouflage
1, gelatinous body 1
a: Renounce Religion


You were on level 6 of the Dungeon.
You worshipped Xom.
You were a toy of Xom.
You were not hungry.

You visited 1 branch of the dungeon, and saw 6 of its levels.
You also visited: Ossuary.

You collected 185 gold pieces.
You spent 108 gold pieces at shops.

Inventory:

Hand Weapons
 a - a +0 short sword
 e - a +1 mace of venom
 D - a +1 dagger of freezing (weapon)
Jewellery
 A - a ring of wizardry (left tentacle)
Wands
 c - a wand of enslavement (9)
 d - a wand of random effects (6)
 C - a wand of paralysis (7)
Scrolls
 h - 3 scrolls of enchant armour {unknown}
 i - 8 scrolls of identify {unknown}
 j - a scroll of enchant weapon {unknown}
 k - 5 scrolls of teleportation {unknown}
 m - a scroll of immolation {unknown}
 o - 2 scrolls of magic mapping {unknown}
 q - a scroll of vulnerability {unknown}
 s - a scroll of holy word {unknown}
 t - 3 scrolls of noise {unknown}
 v - 3 scrolls of remove curse {unknown}
 x - a scroll of random uselessness {unknown}
 y - a scroll of blinking {unknown}
Potions
 b - a potion of flight
 g - 3 potions of agility
 l - a potion of berserk rage
 n - a potion of lignification {unknown}
 p - a potion of brilliance
 r - a potion of resistance
 u - 2 potions of curing {unknown}
 w - a potion of magic {unknown}
 B - a potion of heal wounds {unknown}
Comestibles
 f - 6 rations
 z - a chunk of flesh


   Skills:
 - Level 1.0 Fighting
 - Level 1.0 Short Blades
 - Level 2.0 Dodging
 + Level 9.0 Stealth
 + Level 7.6 Evocations


You had 7 spell levels left.
You didn't know any spells.
Your spell library contained the following spells:

 Spells                   Type           Power        Failure   Level  Hunger
 Summon Small Mammal      Summ           ##..         2%          1    ##.....
 Call Imp                 Summ           ##......     4%          2    ###....
 Call Canine Familiar     Summ           ##......     8%          3    ####...
 Summon Guardian Golem    Hex/Summ       ##......     8%          3    ####...
 Summon Ice Beast         Ice/Summ       ##......     22%         4    #####..
 Summon Lightning Spire   Summ/Air       ##......     22%         4    #####..


Dungeon Overview and Level Annotations

Branches:
Dungeon (6/15)
 Temple: D:4-7

Altars:
Elyvilon
Gozag
Hepliaklqana
Vehumet
Wu Jian
Xom

Shops:
D:6 }

Annotations:
D:5 1 runed translucent door, loom's ghost, novice CeAM


Innate Abilities, Weirdness & Mutations

You cannot wear most types of armour.
You are very stealthy in the water. (Stealth+)
You are amphibious.
You can wear up to eight rings at the same time.
You can use your tentacles to constrict eight enemies at once.
Your skin changes colour to match your surroundings (Stealth+).
Your rubbery body absorbs attacks. (AC +1, EV +1)


Message History

The water moccasin bites you.
You are poisoned.
The water moccasin poisons you!
You miss the water moccasin. Your grab misses the water moccasin.
The water moccasin is moderately wounded.
The sentinel's mark upon you fades away.
You feel sick. The water moccasin bites you.
You are lethally poisoned!
The water moccasin poisons you! The water moccasin bites you!
* * * LOW HITPOINT WARNING * * *
You emit a cloud of colourful smoke!
You are more poisoned.
The water moccasin poisons you!
It was a potion of brilliance.
You feel clever all of a sudden.
* * * LOW HITPOINT WARNING * * *
You feel very sick. The water moccasin bites you!
You die...
Xom chortles!

#.................
#.####............
#.##..###....
#.###.###....
########.......#....
.........#######....
.###########.# #####
....§§§#####.#
#§@S§§..# #########


You could see a water moccasin.

Vanquished Creatures
  An orc warrior (D:6)
  An ogre (D:6)
  A bullfrog zombie (Ossuary)
  A crimson imp (D:5)
  A hound (D:6)
  An orc priest (D:6)
  A bullfrog skeleton (D:6)
  A centaur skeleton (D:6)
  An iguana (D:6)
  3 orc wizards (D:6)
  A killer bee zombie (Ossuary)
  4 hound zombies
  13 mummies (Ossuary)
  A worker ant zombie (D:6)
  2 adders
  A howler monkey skeleton (D:4)
  An ooze (D:4)
  An adder zombie (Ossuary)
  2 worms
  2 leopard geckos (D:2)
  5 orcs
  A giant cockroach (D:4)
  A goblin (D:1)
  A hobgoblin (D:2)
  2 jackals (D:4)
  4 quokkas
  2 bats (D:1)
  3 frilled lizards
  2 giant cockroach zombies
  A jackal skeleton (D:5)
  A kobold (D:2)
  A leopard gecko skeleton (D:4)
  A leopard gecko zombie (Ossuary)
  A quokka zombie (Ossuary)
  2 rats
68 creatures vanquished.

Vanquished Creatures (collateral kills)
  A bullfrog zombie (Ossuary)
  2 mummies (Ossuary)
  An orc (D:6)
  A leopard gecko zombie (Ossuary)
5 creatures vanquished.

Vanquished Creatures (others)
  A centaur zombie (Ossuary)
  An orc priest (D:6)
  An orc wizard (D:6)
  A jackal (D:4)
  2 withered plants (Ossuary)
6 creatures vanquished.

Grand Total: 79 creatures vanquished

Notes
Turn   | Place    | Note
-------+----------+-------------------------------------------
     0 | D:1      | M4edhros the Octopode Artificer began the quest for the
                  | Orb.
     0 | D:1      | Reached XP level 1. HP: 13/13 MP: 3/3
   257 | D:2      | Found a hazy altar of Hepliaklqana.
   264 | D:2      | Reached skill level 2 in Stealth
   297 | D:2      | Reached XP level 2. HP: 10/18 MP: 4/4
   422 | D:2      | Found a shimmering altar of Xom.
   422 | D:2      | Found a shimmering altar of Xom.
   424 | D:2      | Found a shimmering altar of Xom.
   424 | D:2      | Found a shimmering altar of Xom.
   425 | D:2      | Found a shimmering altar of Xom.
   427 | D:2      | Found a shimmering altar of Xom.
   436 | D:2      | Became a worshipper of Xom of Chaos
   721 | D:2      | XOM: silly message
   790 | D:2      | XOM: harmless Erth miscast
   812 | D:2      | Reached skill level 3 in Stealth
   853 | D:4      | Reached XP level 3. HP: 19/23 MP: 4/6
   917 | D:4      | Found an ornate altar of the Wu Jian Council.
  1016 | D:4      | Found an opulent altar of Gozag.
  1243 | D:4      | XOM: medium Tmut miscast
  1268 | D:4      | XOM: smoke on damage
  1278 | D:4      | XOM: 4-stop teleportation journey
  1330 | D:5      | Entered Level 5 of the Dungeon
  1425 | D:5      | Reached skill level 4 in Stealth
  1425 | D:5      | Reached XP level 4. HP: 6/28 MP: 7/7
  1484 | D:5      | XOM: destruction
  1494 | D:5      | Found a radiant altar of Vehumet.
  1552 | D:5      | Found a runed translucent door.
  1552 | D:5      | Noticed loom's ghost (novice CeAM)
  1574 | D:5      | Found a sand-covered staircase.
  1578 | Ossuary  | Entered an ossuary
  1648 | Ossuary  | XOM: summons 2 hostile demons
  1750 | Ossuary  | XOM: mild Ice miscast
  1757 | Ossuary  | XOM: 1-stop teleportation journey
  1758 | Ossuary  | Reached XP level 5. HP: 27/33 MP: 8/8
  1761 | Ossuary  | Reached skill level 5 in Stealth
  1761 | Ossuary  | Reached skill level 5 in Evocations
  1947 | Ossuary  | XOM: silly message
  1959 | Ossuary  | Reached skill level 6 in Stealth
  1959 | Ossuary  | Reached XP level 6. HP: 15/38 MP: 10/10
  2298 | Ossuary  | Reached skill level 7 in Stealth
  2482 | Ossuary  | Reached XP level 7. HP: 34/43 MP: 11/11
  2647 | D:5      | XOM: divination: detect creatures
  2695 | D:5      | XOM: harmless Fire miscast
  2787 | D:6      | XOM: harmless Erth miscast
  3051 | D:6      | Reached skill level 8 in Stealth
  3097 | D:6      | Found a white marble altar of Elyvilon.
  3160 | D:6      | Found Sagekhis's Gadget Boutique.
  3168 | D:6      | Bought a wand of paralysis (7) for 108 gold pieces
  3189 | D:6      | XOM: divination: detect creatures
  3280 | D:6      | Reached XP level 8. HP: 39/48 MP: 13/13
  3339 | D:6      | Reached skill level 9 in Stealth
  3351 | D:6      | XOM: smoke on damage
  3352 | D:6      | Slain by a water moccasin

Levels and vault maps discovered:
D:1:      nicolae_arrival_somewhat_less_tricky_arrival, layout_basic,
          serial_co_window_serial, co_window_of_opportunity_a,
          co_window_paths_a, co_window_of_opportunity_a, co_window_corner_a,
          co_window_corner_a, co_window_broadway_c, co_window_of_opportunity_b,
          co_window_of_opportunity_b, co_window_corner_ca,
          co_window_unsneaky_path_c, co_window_unsneaky_path_a,
          co_window_4corner_b, glass_columns_b, minmay_misc_feat_x
D:2:      layout_loops_cross, xom_redecorated, lemuel_doored_altar, first_ration
D:3:      layout_basic, uniq_robin, uniq_grinder
D:4:      layout_cave_pools, old_standard_altar, lemuel_crystal_altar,
          grunt_gozag_statues, nicolae_ru_great_annihilating_truth
D:5:      layout_loops_cross, enter_ossuary_5, gammafunk_ghost_grave,
          lemuel_statue_altar
D:6:      layout_rooms, lemuel_round_altar, minmay_temple_entry_junction,
          serial_shops, shop
Ossuary:  ossuary_zaba_flooded

Skill      XL: |  1  2  3  4  5  6  7  8 |
---------------+-------------------------+-----
Stealth        | 2 3 4 6 7 8 9 |  9.0
Evocations     | 4 5 6 7 |  7.6
Fighting       | |  1.0
Short Blades   | |  1.0
Dodging        | |  2.0

Action                   |  1- 3 |  4- 6 |  7- 9 || total
-------------------------+-------+-------+-------++-------
Melee: Short sword       |    52 |       |       ||    52
       Constrict         |    12 |    19 |    12 ||    43
       Tentacles         |    10 |    15 |    18 ||    43
       Mace              |     4 |    56 |    42 ||   102
       Dagger            |       |       |    27 ||    27
Evoke: Wand              |     7 |    14 |     9 ||    30
  Use: Potion            |     5 |       |     2 ||     7
 Stab: Sleeping          |     9 |     2 |     2 ||    13
       Paralysed         |       |       |     6 ||     6
  Eat: Chunk             |     1 |     1 |     2 ||     4
       Ration            |       |     1 |       ||     1
Armor: Skin              |     5 |     2 |     3 ||    10
Dodge: Dodged            |    38 |    45 |    38 ||   121

Table legend:
 A = Non-vault XP
 B = Vault XP
 C = Vault XP percentage of total XP
 D = Non-vault monster count
 E = Vault monster count
 F = Vault count percentage of total count
                 A         B        C        D         E       F
            +---------+---------+-------+---------+---------+-------
      Total |     718 |     557 |  43.7 |      46 |      26 |  36.1
            +---------+---------+-------+---------+---------+-------
        D:1 |       4 |       0 |   0.0 |       3 |       0 |   0.0
        D:2 |      27 |       0 |   0.0 |       8 |       0 |   0.0
        D:3 |       2 |       0 |   0.0 |       2 |       0 |   0.0
        D:4 |      40 |       0 |   0.0 |      10 |       0 |   0.0
        D:5 |      68 |       0 |   0.0 |       5 |       0 |   0.0
        D:6 |     577 |       0 |   0.0 |      18 |       0 |   0.0
    Ossuary |       0 |     557 | 100.0 |       0 |      26 | 100.0
            +---------+---------+-------+---------+---------+-------
